 Dungeon Crawl Stone Soup version 0.27.1-33-g824d729ab1 (webtiles) character file.

Game seed: 9842947937886421504

1831 Violens the Covered (level 8, -5/70 HPs)
             Began as a Minotaur Fighter on Dec 29, 2021.
             Slain by a yak (7 damage)
             ... on level 10 of the Dungeon.
             The game lasted 00:30:01 (4680 turns).

Violens the Covered (Minotaur Fighter)              Turns: 4680, Time: 00:30:01

Health: -5/70      AC: 14    Str: 22    XL:     8   Next: 86%
Magic:  7/7        EV:  5    Int:  5    God:
Gold:   368        SH: 11    Dex: 11    Spells: 7/7 levels left

rFire    . . .     SeeInvis .   a - +6 war axe "Beizigum" {speed, Will+}
rCold    . . .     Faith    .   c - +0 kite shield
rNeg     . . .     Spirit   .   d - +0 plate armour
rPois    .         Reflect  .   (helmet restricted)
rElec    .         Harm     .   (no cloak)
rCorr    .         Rampage  .   (no gloves)
Will     +....                  e - +0 pair of boots
Stlth    ..........             (no amulet)
HPRegen  0.21/turn              (no ring)
MPRegen  0.10/turn              (no ring)

@: no status effects
A: horns 2, retaliatory headbutt
a: no special abilities


You were on level 10 of the Dungeon.
You visited 2 branches of the dungeon, and saw 11 of its levels.

You collected 368 gold pieces.

Inventory:

Hand Weapons
 a - the +6 war axe "Beizigum" (weapon) {speed, Will+}
   (You found it on level 5 of the Dungeon)

   Attacks with this weapon are significantly faster.
   Will:      It increases your willpower.
 b - a +4 vampiric whip
 x - a +0 war axe
 y - a +0 mace of draining
 E - a +0 trident of freezing
 G - a +1 vorpal war axe
Missiles
 l - 23 poisoned darts
 p - 15 boomerangs (quivered)
 u - 41 bolts
Armour
 c - a +0 kite shield (worn)
 d - a +0 plate armour (worn)
 e - a +0 pair of boots (worn)
Wands
 w - a wand of flame (22)
Scrolls
 g - a scroll of fear {unknown}
 h - a scroll of noise {unknown}
 i - 4 scrolls of teleportation
 n - a scroll of amnesia
 q - 2 scrolls of enchant armour {unknown}
 r - 2 scrolls of holy word
 v - 3 scrolls of vulnerability
 A - 2 scrolls of blinking {unknown}
 B - 2 scrolls of identify
 C - a scroll of torment {unknown}
Potions
 f - 3 potions of curing
 j - a potion of haste {unknown}
 k - 2 potions of might
 m - a potion of attraction {unknown}
 o - 2 potions of resistance
 s - a potion of lignification {unknown}
 t - a potion of magic
 z - a potion of cancellation {unknown}
 D - a potion of mutation {unknown}
 F - a potion of brilliance {unknown}
 H - a potion of flight {unknown}


   Skills:
 + Level 5.8 Fighting
 + Level 7.6(8.3) Axes
 + Level 5.0(7.0) Maces & Flails
 + Level 7.8 Armour
 + Level 1.7 Dodging
 + Level 0.1 Stealth
 + Level 7.0 Shields


You had 7 spell levels left.
You didn't know any spells.
Your spell library contained the following spells:

 Spells                   Type           Power      Damage    Failure   Level
 Animate Skeleton         Necr           0%         N/A       100%        1
 Freeze                   Ice            0%         1d3       100%        1
 Pain                     Necr           0%         1d4       100%        1
 Corpse Rot               Necr/Air       N/A        N/A       100%        2
 Frozen Ramparts          Ice            0%         1d2       100%        3
 Ozocubu's Armour         Ice            0%         N/A       100%        3
 Stone Arrow              Conj/Erth      0%         3d7       100%        3
 Vampiric Draining        Necr           0%         2d6       100%        3
 Animate Armour           Summ/Erth      0%         N/A       100%        4
 Dispel Undead            Necr           0%         3d6       100%        4
 Hailstorm                Conj/Ice       0%         3d3       100%        4
 Death Channel            Necr           0%         N/A       100%        6
 Ozocubu's Refrigeration  Ice            0%         4d5       100%        7
 Lehudib's Crystal Spear  Conj/Erth      0%         10d2      100%        8


Dungeon Overview and Level Annotations

Branches:
Dungeon (10/15)            Temple (1/1) D:6
   Lair: D:8-11         Orc: D:9-12

Altars:
Cheibriados
Dithmenos
Fedhas
Gozag
Hepliaklqana
Kikubaaqudgha
Makhleb
Okawaru
Qazlal
Ru
Sif Muna
Uskayaw
Vehumet
Wu Jian
Xom

Shops:
D:2 (   D:9 [


Innate Abilities, Weirdness & Mutations

You have a pair of horns on your head.
You reflexively headbutt those who attack you in melee.


Message History

You barely miss the yak.
The yak is heavily wounded.
You slash the yak!
You hit the yak. x2; The yak barely misses you.
You block the yak's attack. The yak gores you! You block the yak's attack.
You hit the yak.
The yak is severely wounded.
You hit the yak. You slash the yak! You hit the yak. The yak gores you!
You block the yak's attack. x3
You slash the yak!
The yak is almost dead.
You closely miss the yak. You hit the yak but do no damage.
You barely miss the yak. The yak gores you!
The yak gores you but does no damage. The yak gores you.
* * * LOW HITPOINT WARNING * * *
The yak gores you.
* * * LOW HITPOINT WARNING * * *
You slash the yak!
You kill the yak!
You slash the yak! You hit the yak. You hit the yak but do no damage.
The yak gores you but does no damage. x3
Your Shields skill increases to level 7!
You barely miss the yak. You headbutt the yak.
The yak is severely wounded.
You hit the yak. x2; The yak gores you.
* * * LOW HITPOINT WARNING * * *
The yak gores you.
* * * LOW HITPOINT WARNING * * *
The yak gores you!
* * * LOW HITPOINT WARNING * * *
You slash the yak! Your headbutt misses the yak.
The yak is almost dead.
You hit the yak. You hit the yak but do no damage. The yak gores you.
* * * LOW HITPOINT WARNING * * *
You block the yak's attack. The yak completely misses you.
You furiously retaliate!
You headbutt the yak. You slash the yak!
You kill the yak!
Your shield and plate armour prevent you from hitting the yak.
You completely miss the yak. The yak gores you!
You die...

########+#
#........#
#.YY.....#
#..@.....#
#.†......#
+........#
#........#
##########


You could see 2 yaks.

Vanquished Creatures
  2 yaks (D:10)
  Menkaure (D:7)
  A water moccasin (D:6)
  A sky beast (D:5)
  2 orc warriors
  2 ogres (D:6)
  A phantom (D:3)
  A gnoll sergeant (D:9)
  2 water moccasin skeletons
  4 howler monkeys
  2 centaur zombies
  A gnoll shaman (D:6)
  A hound (D:6)
  A centaur skeleton (D:5)
  5 iguanas
  3 orc wizards
  A hound zombie (D:5)
  A hound skeleton (D:5)
  2 howler monkey zombies
  7 gnolls
  A howler monkey skeleton (D:5)
  8 adders
  A worm (D:2)
  A dart slug (D:1)
  15 orcs
  4 bats
  3 endoplasms
  5 giant cockroaches
  4 goblins
  5 hobgoblins
  3 quokkas
  6 ball pythons
  2 frilled lizards (D:2)
  8 kobolds
  9 rats
116 creatures vanquished.

Vanquished Creatures (others)
  2 gnolls (D:6)
2 creatures vanquished.

Grand Total: 118 creatures vanquished

Notes
Turn   | Place    | Note
-------+----------+-------------------------------------------
     0 | D:1      | Violens the Minotaur Fighter began the quest for the Orb.
     0 | D:1      | Reached XP level 1. HP: 19/19 MP: 0/0
   190 | D:1      | Reached XP level 2. HP: 22/27 MP: 1/1
   224 | D:1      | Found a faded altar of an unknown god.
   821 | D:2      | Reached XP level 3. HP: 32/33 MP: 2/2
   870 | D:2      | Found Deprivea's Weapon Shoppe.
  1332 | D:2      | Reached XP level 4. HP: 38/40 MP: 3/3
  1386 | D:2      | Reached skill level 1 in Maces & Flails
  1538 | D:3      | Noticed a phantom
  1553 | D:3      | Killed a phantom
  1554 | D:3      | Reached XP level 5. HP: 32/46 MP: 4/4
  2145 | D:5      | Entered Level 5 of the Dungeon
  2155 | D:5      | Reached skill level 1 in Dodging
  2232 | D:5      | Reached skill level 5 in Shields
  2232 | D:5      | Reached XP level 6. HP: 29/52 MP: 5/5
  2371 | D:5      | Noticed an orc warrior
  2390 | D:5      | Killed an orc warrior
  2391 | D:5      | Reached skill level 5 in Armour
  2692 | D:5      | Noticed a sky beast
  2704 | D:5      | Killed a sky beast
  2705 | D:5      | Reached XP level 7. HP: 50/60 MP: 6/6
  2800 | D:5      | Found a blossoming altar of Fedhas.
  2838 | D:5      | Identified the +6 war axe "Beizigum" {speed, Will+}
  3075 | D:6      | Found a staircase to the Ecumenical Temple.
  3138 | D:6      | Reached skill level 5 in Fighting
  3138 | D:6      | Reached XP level 8. HP: 32/68 MP: 7/7
  3202 | D:6      | Reached skill level 5 in Maces & Flails
  3607 | Temple   | Entered the Ecumenical Temple
  3743 | D:6      | Found a snail-covered altar of Cheibriados.
  3805 | D:6      | Reached skill level 5 in Axes
  4002 | D:6      | Found a radiant altar of Vehumet.
  4029 | D:6      | Found a hazy altar of Hepliaklqana.
  4348 | D:7      | Noticed Menkaure
  4352 | D:7      | Killed Menkaure
  4485 | D:8      | Found a shimmering altar of Xom.
  4529 | D:9      | Found Teoshroul's Armour Shop.
  4668 | D:10     | Entered Level 10 of the Dungeon
  4679 | D:10     | HP: 2/70 [yak (2)]
  4680 | D:10     | Slain by a yak

Illustrated notes

Levels and vault maps discovered:
D:1:      co_arrival_random_square_maze, layout_basic,
          chequers_ecumenical_altar_island, hangedman_feature_mirror,
          wad_floor_pattern_2
D:2:      layout_loops_ring, serial_shops, shop
D:3:      layout_basic
D:4:      layout_basic, nicolae_ashenzari_skybound,
          mainiacjoe_overflow_cross_hatched, serial_shops, nicolae_square_shop
D:5:      layout_gridville, nicolae_overflow_hidden_temple
D:6:      layout_rooms, kennysheep_mini_moat, fiery_altar_vehumet,
          mainiacjoe_overflow_alcove_1, minmay_temple_entry_offerings,
          minmay_crystal_room, st_stairs_5
D:7:      layout_basic, nemelex_spade_bored_becter, fountainhead, uniq_maggie,
          uniq_menkaure, uniq_harold
D:8:      layout_rooms, marbit_many_paths, xom_butterflies,
          nicolae_wooded_promenade, minmay_misc_feat_secret_circle
D:9:      layout_cave_pools, good_gods_mini_temple, zombieorc1_lemuel,
          enter_bailey_3, serial_shops, shop, shop_statue, shop, shop, shop
D:10:     layout_irregular_city, biasface_ghost_orc_armoury, uniq_gastronok,
          uniq_psyche
Temple:   eino_wide_crystal_templ

Skill      XL: |  1  2  3  4  5  6  7  8 |
---------------+-------------------------+-----
Shields        | 4 5 6 7 |  7.0
Axes           | 3 4 7 |  7.6
Armour         | 4 6 7 |  7.8
Fighting       | 4 5 |  5.8
Maces & Flails | 2 3 4 5 |  5.0
Dodging        | 1 |  1.7
Stealth        | |  0.1

Action                   |  1- 3 |  4- 6 |  7- 9 || total
-------------------------+-------+-------+-------++-------
Melee: War axe           |    51 |    10 |    99 ||   160
       Headbutt          |    12 |    24 |    23 ||    59
       Whip              |    42 |   117 |     5 ||   164
Throw: Boomerang         |       |       |     1 ||     1
  Use: Scroll            |       |     1 |     6 ||     7
Armor: Scale mail        |    43 |    27 |       ||    70
       Plate armour      |       |    26 |    48 ||    74
Dodge: Dodged            |    21 |    24 |    16 ||    61
Block: Kite shield       |    47 |    65 |    61 ||   173
